 Dungeon Crawl Stone Soup version 0.27-a0-808-g60bc5d92e6 (webtiles) character file.

Game seed: 12371320867660595319

74 polve the Slasher (level 4, -1/36 HPs)
             Began as a Demonspawn Abyssal Knight on Mar 28, 2021.
             Was a Believer of Lugonu.
             Slain by a ball python (3 damage)
             ... on level 2 of the Dungeon.
             The game lasted 00:01:09 (1715 turns).

polve the Slasher (Demonspawn Abyssal Knight)       Turns: 1715, Time: 00:01:10

Health: -1/36      AC:  7    Str: 13    XL:     4   Next: 9%
Magic:  5/5        EV:  6    Int: 14    God:    Lugonu [**....]
Gold:   61         SH:  0    Dex: 12    Spells: 3/3 levels left

rFire    . . .     SeeInvis .   (no weapon)
rCold    . . .     Faith    .   (no shield)
rNeg     . . .     Spirit   .   j - +0 scale mail
rPois    .         Reflect  .   (no helmet)
rElec    .         Harm     .   (no cloak)
rCorr    .         Rampage  .   (no gloves)
Will     .....                  (no boots)
Stlth    ..........             (no amulet)
HPRegen  0.12/turn              (no ring)
MPRegen  0.09/turn              (no ring)

@: constricted
A: claws 1, rugged brown scales 1
a: Renounce Religion, Depart the Abyss, Bend Space


You were on level 2 of the Dungeon.
You worshipped Lugonu.
Lugonu was pleased with you.
You visited 1 branch of the dungeon, and saw 2 of its levels.
You visited the Abyss 1 time.

You collected 61 gold pieces.

Inventory:

Hand Weapons
 a - a +1 falchion
Armour
 j - a +0 scale mail (worn)
Magical Staves
 g - a staff of conjuration
Scrolls
 e - a scroll of identify {unknown}
 h - a scroll of noise {unknown}
Potions
 c - a potion of ambrosia {unknown}
 d - a potion of resistance {unknown}
 f - a potion of flight {unknown}
 i - a potion of might {unknown}


   Skills:
 - Level 3.0 Fighting
 + Level 4.0 Long Blades
 - Level 1.7 Armour
 - Level 0.8 Dodging
 - Level 2.4 Invocations


You had 3 spell levels left.
You didn't know any spells.
Your spell library was empty.

Dungeon Overview and Level Annotations

Branches:
Dungeon (2/15)

Altars:


Innate Abilities, Weirdness & Mutations

You have sharp fingernails.
You are partially covered in rugged brown scales. (AC +1, +3% HP)


Message History

The ball python bites you but does no damage.
The ball python constricts you.
The ball python bites you but does no damage.
The ball python constricts you.
The ball python bites you but does no damage.
The ball python constricts you.
The ball python bites you but does no damage.
* * * LOW HITPOINT WARNING * * *
The ball python constricts you.
The ball python bites you but does no damage.
The ball python constricts you.
The ball python bites you but does no damage.
The ball python constricts you.
The ball python bites you but does no damage.
The ball python constricts you.
The ball python bites you but does no damage.
The ball python constricts you. The ball python barely misses you.
The ball python constricts you. The ball python completely misses you.
* * * LOW HITPOINT WARNING * * *
The ball python constricts you.
The ball python bites you but does no damage.
The ball python constricts you.
The ball python bites you but does no damage.
The ball python constricts you.
The ball python bites you but does no damage.
The ball python constricts you.
The ball python bites you but does no damage.
The ball python constricts you. The ball python barely misses you.
The ball python constricts you. The ball python barely misses you.
* * * LOW HITPOINT WARNING * * *
The ball python constricts you. The ball python completely misses you.
The ball python constricts you.
The ball python bites you but does no damage.
The ball python constricts you. The ball python closely misses you.
* * * LOW HITPOINT WARNING * * *
The ball python constricts you. The ball python bites you.
You die...

#########...
#...@SK.....
#.########..
#.########
#.........
##.###..######
#...........#
#.......###.#
#.####..# #.#
# #..###.#


You could see a ball python and a kobold.

Vanquished Creatures
  An iron imp (Abyss:1)
  An adder (D:2)
  A dart slug (D:1)
  2 endoplasms (D:1)
  3 giant cockroaches (D:1)
  A goblin (D:1)
  3 hobgoblins (D:1)
  4 jackals (D:2)
  3 kobolds (D:1)
  2 quokkas (D:1)
  5 ball pythons (D:1)
  2 bats (D:2)
  4 rats (D:1)
32 creatures vanquished.

Notes
Turn   | Place    | Note
-------+----------+-------------------------------------------
     0 | Abyss:1  | polve the Demonspawn Abyssal Knight began the quest for the
                  | Orb.
     0 | Abyss:1  | Reached XP level 1. HP: 18/18 MP: 2/2
    78 | Abyss:1  | Found a corrupted altar of Lugonu.
   168 | Abyss:1  | Noticed an iron imp
   178 | Abyss:1  | Killed an iron imp
   179 | Abyss:1  | Reached skill level 3 in Long Blades
   179 | Abyss:1  | Gained mutation: You are partially covered in rugged brown
                  | scales. (AC +1, +3% HP) [demonic ancestry]
   179 | Abyss:1  | Reached XP level 2. HP: 10/24 MP: 3/3
   179 | Abyss:1  | Reached XP level 3. HP: 13/29 MP: 4/4
   190 | Abyss:1  | Noticed a small abomination
   192 | D:1      | Escaped the Abyss
   858 | D:1      | Reached ** piety under Lugonu
  1546 | D:2      | Reached skill level 4 in Long Blades
  1546 | D:2      | Gained mutation: You have sharp fingernails. [demonic
                  | ancestry]
  1546 | D:2      | Reached XP level 4. HP: 31/36 MP: 5/5
  1715 | D:2      | Slain by a ball python

Illustrated notes

Levels and vault maps discovered:
D:1:      onia_arrival_mini_spirals, layout_rooms, chequers_jeans,
          minmay_misc_feat_four_crosses, chequers_serial_rivers_micro_e,
          minmay_tetromino_t4
D:2:      layout_loops_ring, evilmike_ruin_ashenzari

Skill      XL: |  1  2  3 |
---------------+----------+-----
Long Blades    | 3 4 |  4.0
Fighting       | |  3.0
Armour         | |  1.7
Dodging        | |  0.8
Invocations    | |  2.4

Action                   |  1- 3 |  4- 6 || total
-------------------------+-------+-------++-------
Melee: Falchion          |    90 |     9 ||    99
Armor: Leather armour    |    37 |       ||    37
       Scale mail        |    11 |    65 ||    76
Dodge: Dodged            |    43 |    43 ||    86
       Rpst.: Falchion   |    18 |     1 ||    19

Table legend: (Time is in decaauts)
 A = Elapsed time spent in this place.
 B = Non-inter-level travel time spent in this place.
 C = Inter-level travel time spent in this place.
 D = Time resting spent in this place.
 E = Time spent auto-exploring this place.
 F = Levels seen in this place.
 G = Mean time per level.
                   A        B        C        D        E       F      G
               +--------+--------+--------+--------+--------+-----+--------+
         Total |   1726 |   1658 |     68 |      0 |   1342 |   3 |  575.3 |
       Dungeon |   1532 |   1464 |     68 |      0 |   1163 |   2 |  766.0 |
         Abyss |    193 |    193 |      0 |      0 |    179 |   1 |  193.0 |
               +--------+--------+--------+--------+--------+-----+--------+

Top non-repeatable levels by time:
     D:1: 1342 daAuts
 Abyss:1: 193 daAuts
     D:2: 190 daAuts
